 Dungeon Crawl Stone Soup version 0.25-a0-339-gb37b713d4c (webtiles) character file.

Game seed: 10654662887915903948, levelgen mode: classic

37042 EnegeticOcto the Fighter (level 13, -7/148 HPs)
             Began as an Ogre Gladiator on Dec 28, 2019.
             Was a Believer of Uskayaw.
             Mangled by a basilisk (14 damage)
             ... on level 6 of the Lair of Beasts.
             The game lasted 00:24:13 (20466 turns).

EnegeticOcto the Fighter (Ogre Gladiator)          Turns: 20466, Time: 00:24:14

Health: -7/148     AC:  6    Str: 21    XL:     13   Next: 94%
Magic:  0/19       EV: 12    Int:  9    God:    Uskayaw [**....]
Gold:   787        SH:  0    Dex: 14    Spells: 12/12 levels left

rFire    . . .     SeeInvis .   a - +7 Singing Sword {slice, sonic wave}
rCold    + . .     Gourm    .   (no shield)
rNeg     . . .     Faith    .   M - +1 robe {rC+}
rPois    +         Spirit   +   c - +1 hat
rElec    .         Reflect  .   x - +0 cloak
rCorr    .         Harm     .   (gloves unavailable)
MR       +....                  (boots unavailable)
Stlth    ..........             w - amulet of guardian spirit
HPRegen  0.34/turn              i - ring of poison resistance
MPRegen  0.16/turn              l - ring of attention (curse)

@: very slightly contaminated, invisible
A: large, unfitting armour, tough skin 1
a: Stomp, Line Pass, Renounce Religion


You were on level 6 of the Lair of Beasts.
You worshipped Uskayaw.
Uskayaw was aware of your devotion.
You were not hungry.

You visited 2 branches of the dungeon, and saw 17 of its levels.
You also visited: Gauntlet.

You collected 1041 gold pieces.
You spent 254 gold pieces at shops.

Inventory:

Hand Weapons
 a - the +7 Singing Sword (weapon) {slice, sonic wave}
   (You found it on level 9 of the Dungeon)

   It inflicts extra damage upon your enemies.
 b - a +4 scimitar of flaming
 y - the +3 broad axe of a ziggurat {antimagic, rElec rC+}
   (You bought it in a shop on level 4 of the Dungeon)

   It reduces the magical energy of the wielder, and disrupts the spells and
   magical abilities of those hit.
   Natural abilities and divine invocations are not affected.
   It protects you from cold.
   It insulates you from electricity.
Missiles
 d - a throwing net (quivered) {!f}
 z - 22 javelins
Armour
 c - a +1 hat (worn)
 x - a +0 cloak (worn)
 M - a +1 robe of cold resistance (worn)
Jewellery
 i - a ring of poison resistance (left hand)
 l - a cursed ring of attention (right hand)
 v - an uncursed ring of resist corrosion
 w - an amulet of guardian spirit (around neck)
 A - an uncursed ring of positive energy
 E - an uncursed ring of magical power
 I - the ring "Jeoxidal" {rF+ MR+}
   (You found it in a Gauntlet)

   [ring of protection from magic]

   It protects you from fire.
   It affects your resistance to hostile enchantments.
Wands
 f - a wand of enslavement (11)
 o - a wand of polymorph (22)
 F - a wand of acid (6)
 L - a wand of paralysis (10)
 O - a wand of flame (22)
Scrolls
 h - 4 scrolls of enchant weapon
 j - 3 scrolls of magic mapping {@r5 !r}
 k - 4 scrolls of identify {@r1}
 r - a scroll of blinking {@r4}
 s - 4 scrolls of teleportation {@r3 !r}
 D - 2 scrolls of fog {!r}
 K - 3 scrolls of enchant armour
 N - a scroll of fear {!r}
Potions
 g - a potion of magic
 m - 7 potions of brilliance
 p - a potion of cancellation
 t - 3 potions of haste {@q4 !q}
 B - 3 potions of might {@q3 !q}
 C - 2 potions of flight
 J - 2 potions of lignification {@q6}
 P - a potion of agility {@q5 !q}
Miscellaneous
 G - a phantom mirror
Comestibles
 e - 23 rations


   Skills:
 + Level 14.4 Fighting
 * Level 13.4 Long Blades
 - Level 8.6(9.5) Axes
   Level 6.4(8.4) Polearms
 - Level 2.0 Throwing
 - Level 5.0 Dodging
 + Level 8.1 Invocations
 - Level 4.0 Evocations


You had 12 spell levels left.
You didn't know any spells.
Your spell library contained the following spells:

 Spells                   Type           Power        Failure   Level  Hunger
 Animate Skeleton         Necr           N/A          38%         1    ##.....
 Apportation              Tloc           #.....       38%         1    ##.....
 Confusing Touch          Hex            #.....       38%         1    ##.....
 Pain                     Necr           #...         38%         1    ##.....
 Summon Small Mammal      Summ           #...         38%         1    ##.....
 Corpse Rot               Necr/Air       N/A          52%         2    ###....
 Gell's Gravitas          Tloc           #.........   77%         3    ####...
 Portal Projectile        Hex/Tloc       #.....       77%         3    ####...
 Regeneration             Chrm/Necr      #.........   77%         3    ####...
 Stone Arrow              Conj/Erth      #.....       77%         3    ####...
 Vampiric Draining        Necr           #.........   77%         3    ####...
 Animate Dead             Necr           N/A          99%         4    #####..
 Bolt of Magma            Conj/Fire/Erth #.........   100%        5    ######.
 Iskenderun's Battlesphe  Conj/Chrm      #.......     100%        5    ######.
 Summon Forest            Summ/Tloc      #.........   100%        5    ######.
 Dispersal                Tloc           #.........   100%        6    #######
 Eringya's Noxious Bog    Tmut/Pois      #.........   100%        6    #######
 Hydra Form               Tmut           #.........   100%        6    #######
 Iron Shot                Conj/Erth      #.........   100%        6    #######
 Orb of Destruction       Conj           #.........   100%        7    #######
 Spellforged Servitor     Conj/Summ      #.........   100%        7    #######
 Summon Hydra             Summ           #.........   100%        7    #######
 Controlled Blink         Tloc           N/A          100%        8    #######
 Disjunction              Tloc           #.........   100%        8    #######


Dungeon Overview and Level Annotations

Branches:
Dungeon (11/15)            Temple (0/1) D:5            Lair (6/6) D:10
  Swamp (0/4) Lair:2        Snake (0/4) Lair:3          Orc (0/2) D:10
Gauntlet (visited)
  Slime: Lair:5-6

Altars:
Kikubaaqudgha
Uskayaw

Shops:
D:4 (   D:7 *   D:10 (   D:11 %

Annotations:
Lair:6 exclusion: 2 oklob plants


Innate Abilities, Weirdness & Mutations

You are too large for most types of armour.
You have tough skin. (AC +1)


Message History

Evoke which item? (* to show all) (? for menu, Esc to quit)
Aiming: Enslavement
Press: ? - help, Shift-Dir - straight line, f/p - spiny frog
Aim: a spiny frog (chance to defeat MR: 58%)
The spiny frog is charmed.
The blink frog croaks.
You feel sick.
The blink frog blinks!
The blink frog hits your spiny frog. The blink frog hits your spiny frog!
Really quaff
H - 2 potions of curing {@q1 !q}?
You feel better.
Your spiny frog barely misses the blink frog.
The blink frog barely misses your spiny frog.
Your spiny frog misses the blink frog.
The blink frog hits your spiny frog.
The blink frog blinks!
Your spiny frog closely misses the blink frog.
The blink frog hits your spiny frog!
The blink frog blinks! x2
The blink frog barely misses your spiny frog.
A basilisk comes into view.
The blink frog blinks!
Really read
s - 6 scrolls of teleportation {@r3 !r}?
As you read the scroll of teleportation {@r3 !r}, it crumbles to dust.
You feel strangely unstable.
The blink frog blinks!
The blink frog hits your spiny frog.
Your spiny frog dies!
The blink frog looks stronger.
You slash the blink frog!
The blink frog is moderately wounded.
The blink frog closely misses you.
The blink frog blinks!
The blink frog hits you.
* * * LOW HITPOINT WARNING * * *
The blink frog blinks!
Your surroundings suddenly seem different. 2 oklob plants come into view.
Marking area around 2 oklob plants as unsafe for travelling.
Found two robes, a scroll labeled ESTOCABOMM and 38 gold pieces.
The spiny frog gives a loud, deep croak!
You hear a bellow!
The blink frog blinks!
The blink frog hits you!
* * * LOW HITPOINT WARNING * * *
You slash the blink frog!
The blink frog is heavily wounded.
The blink frog hits you.
* * * LOW HITPOINT WARNING * * *
The blink frog blinks!
You miss the blink frog.
The blink frog is heavily wounded.
The blink frog hits you.
* * * LOW HITPOINT WARNING * * *
You closely miss the spiny frog.
The blink frog hits you but does no damage.
The spiny frog stings you.
* * * LOW HITPOINT WARNING * * *
The blink frog hits you!
* * * LOW HITPOINT WARNING * * *
You fade into invisibility!
The blink frog barely misses you. The spiny frog stings you!
* * * LOW HITPOINT WARNING * * *
You are very lightly contaminated with residual magic.
Unknown command.
You hit the spiny frog.
The spiny frog is lightly wounded.
The blink frog hits you.
* * * LOW HITPOINT WARNING * * *
The spiny frog barely misses you.
Okay, then.
The blink frog completely misses you.
Really quaff
H - a potion of curing {@q1 !q}?
You feel better.
You slash the spiny frog!
The spiny frog is heavily wounded.
You can now pass through a line of other dancers.
You slash the spiny frog!
The Singing Sword gurgles.
You send a blast of sound all around you.
The fungus, the plant, the blink frog and the spiny frog are blasted.
The fungus is almost destroyed.
The plant is severely damaged.
The blink frog is severely wounded.
The spiny frog is almost dead. x2
The spiny frog stings you!
* * * LOW HITPOINT WARNING * * *
The blink frog closely misses you.
You riposte.
You catch the helpless blink frog completely off-guard!
You slice the blink frog!!
The Singing Sword parrots the noises around you.
You send a blast of sound all around you.
The fungus, the plant and the spiny frog are blasted.
You destroy the fungus!
You destroy the plant!
You kill the spiny frog!
You kill the blink frog!
Uskayaw will force your foes to helplessly watch your dance.
Really read
s - 5 scrolls of teleportation {@r3 !r}?
As you read the scroll of teleportation {@r3 !r}, it crumbles to dust.
You feel strangely unstable.
Your surroundings suddenly seem different.
The basilisk hisses angrily.
The basilisk barely misses you.
You slash the basilisk!
The basilisk is moderately wounded.
The basilisk bites you!
You die...

......##..##....####.# #
#....#....#.....##..##.
#......§....##.#.....
♣.#.....§.............
##.#..#....#.....P..
###...###..#....### ##.##
#..........
♣#...###.......... ♣
♣♣@l÷###...........
≈≈≈.♣♣♣♣.♣.÷###.........#.
≈≈≈.≈≈≈≈...P..#....######.
≈≈≈.♣♣♣♣♣.PP.##..#.## #.##
♣ ♣♣....#..#..##..#
♣.##.#.††......#.
###########...##. ##....#
..P♣... #####......


You could see a basilisk.

Vanquished Creatures
  Rupert (Lair:3)
  A minotaur (Gauntlet)
  A dire elephant (Gauntlet)
  2 hydras
  6 death yaks
  A queen ant (Gauntlet)
  A lindwurm (Lair:6)
  A manticore (D:10)
  7 elephants
  2 black mambas
  13 spiny frogs
  A komodo dragon (shapeshifter) (Lair:5)
  4 komodo dragons
  A polar bear (Lair:3)
  3 hornets (Gauntlet)
  16 blink frogs
  6 hippogriffs
  14 yaks
  A wyvern (D:9)
  Sigmund (D:5)
  A human (D:8)
  2 hungry ghosts
  5 basilisks
  4 insubstantial wisps (Lair:2)
  4 nagas (Lair:3)
  3 soldier ants (Gauntlet)
  10 water moccasins
  6 porcupines
  4 orc warriors
  An ice beast (D:8)
  8 ogres
  4 centaurs
  29 wolves
  4 crocodiles
  Blork the orc (D:4)
  10 bullfrogs
  A wyvern zombie (D:10)
  6 scorpions
  A water moccasin zombie (D:6)
  10 wights
  7 killer bees
  A howler monkey (D:7)
  3 crimson imps
  2 hounds (D:9)
  3 jellies
  6 orc priests
  8 orc wizards
  3 centaur skeletons
  A bullfrog skeleton (D:6)
  An iguana (D:6)
  12 hell rats
  7 worker ants
  A hound skeleton (D:9)
  Robin (D:2)
  3 gnolls (D:9)
  A worker ant zombie (D:9)
  A howler monkey skeleton (D:10)
  18 adders
  2 shadow imps (D:6)
  An ooze (D:1)
  An adder skeleton (D:10)
  An adder zombie (D:8)
  2 worms (D:5)
  3 dart slugs
  5 leopard geckos
  27 orcs
  A ball python (D:3)
  10 bats
  8 giant cockroaches
  12 hobgoblins
  7 jackals
  7 quokkas
  4 frilled lizards
  11 goblins
  A jackal skeleton (D:4)
  9 kobolds
  2 leopard gecko skeletons
  9 rats
  9 fungi
  5 plants
413 creatures vanquished.

Vanquished Creatures (others)
  A spiny frog (Lair:6)
  46 fungi
  43 plants
90 creatures vanquished.

Grand Total: 503 creatures vanquished

Notes
Turn   | Place    | Note
-------+----------+-------------------------------------------
     0 | D:1      | EnegeticOcto the Ogre Gladiator began the quest for the
                  | Orb.
     0 | D:1      | Reached XP level 1. HP: 22/22 MP: 1/1
   105 | D:1      | Reached skill level 3 in Fighting
   148 | D:1      | Reached XP level 2. HP: 31/31 MP: 2/2
   709 | D:1      | Reached XP level 3. HP: 24/37 MP: 3/3
  1665 | D:2      | Reached XP level 4. HP: 44/48 MP: 4/4
  1804 | D:2      | Found an ancient bone altar of Kikubaaqudgha.
  1855 | D:2      | Found a faded altar of an unknown god.
  1958 | D:2      | Became a worshipper of Uskayaw the Reveler
  1958 | D:2      | Reached * piety under Uskayaw
  2041 | D:3      | Noticed Robin
  2054 | D:2      | Killed Robin
  2054 | D:2      | Reached skill level 4 in Fighting
  2054 | D:2      | Reached ** piety under Uskayaw
  2315 | D:2      | Reached *** piety under Uskayaw
  2547 | D:3      | Reached skill level 5 in Polearms
  2547 | D:3      | Reached XP level 5. HP: 17/55 MP: 5/5
  3065 | D:4      | Noticed an ogre
  3077 | D:3      | Killed an ogre
  3077 | D:3      | Reached skill level 5 in Fighting
  3077 | D:3      | Reached XP level 6. HP: 12/66 MP: 6/6
  3637 | D:4      | Found Ozasoejael's Antique Weapon Emporium.
  3639 | D:4      | Noticed Blork the orc
  3647 | D:4      | Killed Blork the orc
  3657 | D:4      | Bought a warped broad axe for 162 gold pieces
  3657 | D:4      | Identified the +3 broad axe of a ziggurat {antimagic, rElec
                  | rC+} (You bought it in a shop on level 4 of the Dungeon)
  3815 | D:4      | Reached XP level 7. HP: 70/74 MP: 5/7
  4211 | D:5      | Entered Level 5 of the Dungeon
  4244 | D:5      | Reached skill level 1 in Axes
  4246 | D:5      | Reached skill level 6 in Fighting
  4453 | D:5      | You fall into a shaft and drop 1 floor!
  4910 | D:5      | Noticed Sigmund
  4924 | D:5      | Killed Sigmund
  4924 | D:5      | Reached skill level 7 in Fighting
  4924 | D:5      | Reached XP level 8. HP: 58/87 MP: 3/8
  5428 | D:5      | Found a staircase to the Ecumenical Temple.
  5646 | D:6      | Reached skill level 5 in Axes
  5655 | D:6      | Reached **** piety under Uskayaw
  5662 | D:6      | Reached ***** piety under Uskayaw
  5882 | D:6      | Reached skill level 8 in Fighting
  6342 | D:7      | Found Ocovut's Assorted Antiques.
  6350 | D:7      | Bought a long silver wand for 92 gold pieces
  6438 | D:7      | Reached XP level 9. HP: 93/97 MP: 6/9
  6449 | D:7      | Reached skill level 9 in Fighting
  7205 | D:8      | Reached skill level 1 in Invocations
  8078 | D:9      | Found the +7 Singing Sword {slice, sonic wave}
  8266 | D:9      | Reached skill level 1 in Long Blades
  8268 | D:9      | Reached skill level 10 in Fighting
  8272 | D:9      | Reached XP level 10. HP: 74/110 MP: 8/12
  8286 | D:9      | Reached ****** piety under Uskayaw
  9421 | D:10     | Entered Level 10 of the Dungeon
  9650 | D:10     | Found Neiwkiom's Antique Weapon Shoppe.
  9803 | D:10     | Noticed Urug
 10017 | D:10     | Noticed Urug
 10017 | D:10     | Urug changed into Urug the manticore
 10025 | D:10     | Killed Urug the manticore
 10025 | D:10     | Reached skill level 5 in Dodging
 10158 | D:10     | Found a staircase to the Lair.
 10158 | D:10     | Noticed a death yak
 10159 | D:10     | Noticed a death yak
 10160 | D:10     | Noticed a death yak
 10167 | D:10     | Killed a death yak
 10167 | D:10     | Reached skill level 11 in Fighting
 10167 | D:10     | Reached skill level 5 in Long Blades
 10167 | D:10     | Reached skill level 5 in Invocations
 10170 | D:10     | Killed a death yak
 10170 | D:10     | Reached XP level 11. HP: 92/120 MP: 14/14
 10181 | D:10     | Killed a death yak
 10821 | D:10     | Found a staircase to the Orcish Mines.
 11146 | D:11     | Found Ydaaph's Food Boutique.
 11157 | D:11     | Noticed an eight-headed hydra
 11514 | Lair:1   | Entered Level 1 of the Lair of Beasts
 11520 | Lair:1   | Reached skill level 12 in Fighting
 11749 | Lair:1   | Found a gate leading to a gauntlet.
 11756 | Gauntlet | Entered a Gauntlet
 11756 | Gauntlet | Found a transporter.
 11780 | Gauntlet | Noticed a queen ant
 11782 | Gauntlet | Found a transporter.
 11782 | Gauntlet | Found a transporter.
 11793 | Gauntlet | Found a transporter.
 11798 | Gauntlet | Found a transporter.
 11800 | Gauntlet | Noticed a catoblepas
 11802 | Gauntlet | Found a transporter.
 11820 | Gauntlet | Found a transporter.
 11821 | Gauntlet | Noticed an entropy weaver
 11824 | Gauntlet | Noticed a wolf spider
 11830 | Gauntlet | Found a transporter.
 11838 | Gauntlet | Noticed a dire elephant
 11840 | Gauntlet | Found a transporter.
 11852 | Gauntlet | Found a transporter.
 11866 | Gauntlet | Found a transporter.
 11868 | Gauntlet | Noticed a shining eye
 11869 | Gauntlet | Found a transporter.
 11886 | Gauntlet | Found a runed translucent gate.
 11887 | Gauntlet | Found a transporter.
 11887 | Gauntlet | Found a runed translucent gate.
 11887 | Gauntlet | Found a transporter.
 11890 | Gauntlet | Found a runed translucent gate.
 11983 | Gauntlet | Killed a queen ant
 12394 | Gauntlet | Paralysed by a hornet for 1 turns
 12635 | Gauntlet | Killed a dire elephant
 12637 | Gauntlet | Reached skill level 13 in Fighting
 12644 | Gauntlet | Got a transparent silver ring
 12646 | Gauntlet | Identified the ring "Jeoxidal" {rF+ MR+} (You found it in a
                  | Gauntlet)
 12959 | Gauntlet | Noticed a minotaur
 12964 | Gauntlet | Killed a minotaur
 12964 | Gauntlet | Reached XP level 12. HP: 119/136 MP: 15/15
 13171 | Lair:1   | Reached skill level 10 in Long Blades
 15000 | Lair:2   | Noticed a five-headed hydra
 15011 | Lair:2   | Killed a one-headed hydra
 15087 | Lair:2   | Reached skill level 1 in Evocations
 15218 | Lair:2   | Found a staircase to the Swamp.
 15771 | Lair:3   | Noticed Rupert
 15782 | Lair:3   | Paralysed by Rupert for 3 turns
 15790 | Lair:3   | Killed Rupert
 15790 | Lair:3   | Reached XP level 13. HP: 137/144 MP: 10/17
 17118 | Lair:3   | Found a staircase to the Snake Pit.
 17530 | Lair:4   | Reached skill level 14 in Fighting
 18820 | Lair:5   | Noticed Nessos
 18821 | Lair:5   | Noticed Nessos
 18821 | Lair:5   | Nessos changed into Nessos the yaktaur
 18823 | Lair:5   | Noticed Nessos
 18823 | Lair:5   | Nessos the yaktaur changed into Nessos the shapeshifter
 18824 | Lair:5   | Noticed Nessos
 18824 | Lair:5   | Nessos the shapeshifter changed into Nessos the komodo
                  | dragon
 18830 | Lair:5   | Killed Nessos the komodo dragon
 19298 | Lair:6   | Entered Level 6 of the Lair of Beasts
 19636 | Lair:6   | HP: 4/146 [eight-headed hydra (12)]
 20455 | Lair:6   | HP: 4/148 [spiny frog (11)]
 20456 | Lair:6   | HP: 1/148 [blink frog (3)]
 20461 | Lair:6   | HP: 6/148 [spiny frog (7)]
 20466 | Lair:6   | Mangled by a basilisk

Levels and vault maps discovered:
D:1:      dpeg_arrival_court, layout_rooms, minmay_tetromino_l4
D:2:      layout_rooms, kiku_gazebo_pond_becter,
          chequers_ecumenical_altar_grove, first_ration, interstate_on_off
D:3:      layout_rooms, hangedman_abyss_or_decor_stabs, uniq_robin
D:4:      layout_basic, serial_shops, shop, kennysheep_generic_room_15,
          uniq_blork_the_orc
D:5:      layout_cave_pools, temple_statues, uniq_sigmund
D:6:      layout_rooms, minmay_stone_trees_small
D:7:      layout_rooms, serial_shops, shop
D:8:      layout_rooms, grunt_pizzeria
D:9:      old_forge, layout_cave_pools
D:10:     layout_rooms, dpeg_lair_monsters, orc_0_dummy, serial_shops,
          nicolae_shop_trees, uniq_urug
D:11:     layout_basic, serial_shops, shop, zaba_anthell, uniq_psyche,
          uniq_fannar
Lair:1:   layout_chaotic_city, gauntlet_entry_generic, lemuel_fruit_fields
Lair:2:   layout_roguey, minmay_swamp_entry_wisps, beast_lair_carwin_1
Lair:3:   layout_regular_city, minmay_snake_entry_guardpost_small,
          serial_bayou_shore_b, uniq_rupert
Lair:4:   layout_hall_layers, lemuel_fruit_fields
Lair:5:   layout_big_grid, uniq_nessos
Lair:6:   minmay_lair_end_enchanted_forest, layout_loops_ring,
          dpeg_slime_entry_enclosed_altar, serial_bayou, serial_bayou_pond_d,
          serial_bayou_crossing, serial_bayou_pond_e, serial_bayou_pond_a,
          infiniplex_staircase_pool, minmay_lair_oklob_chamber

Skill      XL: |  1  2  3  4  5  6  7  8  9 10 11 12 13 |
---------------+----------------------------------------+-----
Fighting       | 3 4 5 7 8 10 11 13 14 | 14.4
Polearms       | 4 5 6 |  6.4
Axes           | 4 7 8 |  8.6
Invocations    | 3 5 6 8 |  8.1
Dodging        | 4 5 |  5.0
Long Blades    | 1 5 9 12 13 | 13.4
Evocations     | 2 4 |  4.0
Throwing       | |  2.0

Action                   |  1- 3 |  4- 6 |  7- 9 | 10-12 | 13-15 || total
-------------------------+-------+-------+-------+-------+-------++-------
Melee: Trident           |   116 |   159 |       |       |       ||   275
       Broad axe         |       |     5 |   253 |       |       ||   258
       Double sword      |       |       |    11 |   244 |   174 ||   429
       Unarmed           |       |       |       |     4 |       ||     4
       Scimitar          |       |       |       |     8 |     7 ||    15
Throw: Throwing net      |       |       |       |     3 |       ||     3
Invok: Stomp             |       |       |     3 |     3 |     1 ||     7
       Grand Finale      |       |       |       |       |     1 ||     1
Evoke: Wand              |       |       |       |     5 |     8 ||    13
  Use: Potion            |       |     4 |       |     4 |     5 ||    13
       Scroll            |       |     1 |     6 |    14 |     6 ||    27
 Stab: Sleeping          |     5 |       |     1 |       |       ||     6
       Invisible         |       |     3 |       |       |     1 ||     4
       Paralysed         |       |       |    14 |    12 |     6 ||    32
       Held in net/web   |       |       |       |     2 |       ||     2
  Eat: Chunk             |     2 |     7 |    17 |    13 |     5 ||    44
       Ration            |       |       |       |     4 |     3 ||     7
Armor: Robe              |    21 |       |       |    15 |    32 ||    68
       Animal skin       |       |    54 |    76 |    30 |       ||   160
Dodge: Dodged            |    50 |   106 |   162 |   169 |    83 ||   570
       Rpst.: Double sword |       |       |     2 |    38 |    17 ||    57

Table legend:
 A = Non-vault XP
 B = Vault XP
 C = Vault XP percentage of total XP
 D = Non-vault monster count
 E = Vault monster count
 F = Vault count percentage of total count
                 A         B        C        D         E       F
            +---------+---------+-------+---------+---------+-------
      Total |   37022 |   15896 |  30.0 |     336 |      63 |  15.8
            +---------+---------+-------+---------+---------+-------
        D:1 |      36 |       8 |  18.2 |      19 |       4 |  17.4
        D:2 |      81 |      32 |  28.3 |      19 |      11 |  36.7
        D:3 |     201 |       0 |   0.0 |      17 |       0 |   0.0
        D:4 |     170 |      96 |  36.1 |      11 |       1 |   8.3
        D:5 |     193 |     208 |  51.9 |      10 |       1 |   9.1
        D:6 |     952 |       0 |   0.0 |      25 |       0 |   0.0
        D:7 |     779 |       0 |   0.0 |      17 |       0 |   0.0
        D:8 |     713 |     196 |  21.6 |      18 |       1 |   5.3
        D:9 |    2906 |     263 |   8.3 |      46 |      12 |  20.7
       D:10 |    1582 |    3155 |  66.6 |      25 |       7 |  21.9
       D:11 |     192 |       0 |   0.0 |       1 |       0 |   0.0
     Lair:1 |    5906 |       0 |   0.0 |      31 |       0 |   0.0
     Lair:2 |    4764 |    2333 |  32.9 |      18 |       9 |  33.3
     Lair:3 |    8458 |    3686 |  30.4 |      30 |       5 |  14.3
     Lair:4 |    2593 |       0 |   0.0 |      17 |       0 |   0.0
     Lair:5 |    1672 |     367 |  18.0 |       8 |       1 |  11.1
     Lair:6 |    5824 |       0 |   0.0 |      24 |       0 |   0.0
   Gauntlet |       0 |    5552 | 100.0 |       0 |      11 | 100.0
            +---------+---------+-------+---------+---------+-------
